Minnesota North Stars vs Vegas Golden Knights
Created - Wednesday, May 28, 2025 at 07:58
Goals
|
| Minnesota North Stars |
1 |
3 |
0 |
4 |
| Vegas Golden Knights |
0 |
1 |
1 |
2 |
|
Shots
|
| Minnesota North Stars |
14 |
10 |
2 |
26 |
| Vegas Golden Knights |
3 |
15 |
9 |
27 |
|
1st period
1. Minnesota North Stars , Valeri Nichushkin 44 (Jack Hughes 51, Lawson Crouse 15) at 19:51
Penalties :
No Penalty
2nd period
2. Minnesota North Stars , Brock Nelson 16 (Rasmus Dahlin 21, William Karlsson 46) at 1:03
3. Minnesota North Stars , Rasmus Dahlin 7 (Gustav Forsling 21, Valeri Nichushkin 52) at 4:40 (PP)
4. Minnesota North Stars , Ivan Barbashev 12 (Rasmus Dahlin 22) at 6:47
5. Vegas Golden Knights , Danton Heinen 8 (Shea Theodore 22, Pierre-edouard Bellemare 9) at 13:26
Penalties :
Semyon Varlamov (VGK) for Slashing (Minor) at 4:24 - Johnny Gaudreau served the penalty, Frank Vatrano (MNS) for Holding (Minor) at 17:31
3rd period
6. Vegas Golden Knights , Sean Monahan 22 (Johnny Gaudreau 28) at 17:30 (PP)
Penalties :
Evgeni Malkin (MNS) for Tripping (Minor) at 2:27, Frank Vatrano (MNS) for Slashing (Minor) at 5:42, Cole Smith (VGK) for Boarding (Minor) at 10:44, Dylan DeMelo (MNS) for Tripping (Minor) at 17:21
Goalie Stats
Logan Thompson (MNS), 25 saves from 27 shots - (0.926), W, 30-15-6, 60:00 minutes
Semyon Varlamov (VGK), 22 saves from 26 shots - (0.846), L, 35-19-7, 60:00 minutes
Players Stats for Minnesota North Stars
Player Name G A P +/- PIM S H SB GA TA FO MP PP MP PK MP
------------------------------------------------------------------------------------
Alexander Kerfoot 0 0 0 1 0 0 1 0 2 0 1/1 8:29 0:00 0:00
Brock Nelson 1 0 1 1 0 4 0 3 0 0 0/0 14:52 0:00 0:00
Cam York 0 0 0 1 0 0 0 0 0 0 0/0 19:07 1:11 0:00
Dylan DeMelo 0 0 0 1 2 0 0 1 0 3 0/0 20:17 0:00 3:03
Erik Cernak 0 0 0 1 0 1 2 1 0 0 0/0 19:40 0:00 3:12
Evan Rodrigues 0 0 0 1 0 1 0 0 0 0 0/0 8:29 0:00 0:00
Evgeni Malkin 0 0 0 -1 2 0 2 1 0 0 4/11 14:48 1:00 0:00
Frank Vatrano 0 0 0 1 4 2 3 0 0 1 2/2 16:02 1:15 0:00
Gustav Forsling 0 1 1 0 0 1 2 4 1 0 0/0 20:54 1:04 3:03
Ivan Barbashev 1 0 1 1 0 2 2 1 0 0 0/0 8:29 0:00 0:00
Jack Hughes 0 1 1 1 0 2 0 2 0 0 4/15 15:57 1:00 0:00
Jonathan Marchessault 0 0 0 -1 0 0 1 0 1 0 0/1 14:48 1:00 0:00
Lawson Crouse 0 1 1 1 0 2 0 0 0 1 0/0 17:27 0:00 2:54
Neal Pionk 0 0 0 0 0 1 1 3 0 1 0/0 21:05 1:11 2:54
Rasmus Dahlin 1 2 3 1 0 1 0 2 1 1 0/0 18:56 1:04 0:00
Ryan Nugent-Hopkins 0 0 0 -1 0 2 0 1 1 1 0/1 16:52 0:00 3:12
Valeri Nichushkin 1 1 2 1 0 2 3 0 0 0 0/2 18:56 1:15 3:12
William Karlsson 0 1 1 1 0 5 2 0 0 0 11/22 18:42 1:15 2:54
Players Stats for Vegas Golden Knights
Player Name G A P +/- PIM S H SB GA TA FO MP PP MP PK MP
------------------------------------------------------------------------------------
Auston Matthews 0 0 0 -2 0 2 1 0 0 2 10/14 18:48 3:01 0:00
Brendan Smith 0 0 0 -1 0 0 4 3 0 0 0/0 14:19 0:00 1:05
Bryan Rust 0 0 0 -2 0 0 0 0 0 0 0/0 18:49 3:01 0:45
Cole Smith 0 0 0 1 2 0 0 0 0 0 0/0 8:23 0:00 0:11
Danton Heinen 1 0 1 1 0 5 3 0 0 0 0/0 19:25 0:00 0:38
Joe Pavelski 0 0 0 0 0 2 1 1 1 0 12/19 17:15 3:28 0:00
Johnny Gaudreau 0 1 1 -1 0 3 2 1 3 0 0/0 18:07 3:05 0:00
Jordan Staal 0 0 0 0 0 3 2 0 0 1 2/2 14:30 0:00 1:09
Marc-Edouard Vlasic 0 0 0 -1 0 0 2 1 0 0 0/0 18:24 0:00 1:28
Mathew Barzal 0 0 0 -2 0 2 0 0 2 0 0/0 19:15 3:01 0:14
Pierre-edouard Bellemare 0 1 1 1 0 1 1 1 0 0 2/5 9:18 0:00 1:15
Reilly Smith 0 0 0 0 0 0 0 0 0 0 0/0 3:12 2:38 0:00
Roman Josi 0 0 0 0 0 1 0 1 1 1 0/0 25:04 3:28 0:00
Ryan Graves 0 0 0 -1 0 0 1 1 0 0 0/0 13:51 0:00 0:47
Sean Monahan 1 0 1 -1 0 4 3 0 0 1 7/15 18:20 3:05 0:00
Shea Theodore 0 1 1 0 0 1 0 2 0 1 0/0 23:15 0:00 1:28
Thomas Chabot 0 0 0 -1 0 2 2 0 1 0 0/0 19:22 2:38 0:00
Tyler Toffoli 0 0 0 -1 0 1 1 0 0 0 0/0 18:07 3:05 0:00
3 Stars
1 - Rasmus Dahlin (MNS)
2 - Valeri Nichushkin (MNS)
3 - Ivan Barbashev (MNS)
Power Play
Minnesota North Stars - 1 on 2 Attempt(s) - 50.00%
Vegas Golden Knights - 1 on 4 Attempt(s) - 25.00%
Penalty Kill
Minnesota North Stars - 3 on 4 Attempt(s) - 75.00%
- Score 0 goal in Penalty Kill
Vegas Golden Knights - 1 on 2 Attempt(s) - 50.00%
- Score 0 goal in Penalty Kill
Team Stat
Minnesota North Stars - Hits : 19 - Faceoff Wins : 22 - Blocked Shots : 19 - Penalty Minutes : 8
Vegas Golden Knights - Hits : 23 - Faceoff Wins : 33 - Blocked Shots : 11 - Penalty Minutes : 4
Official
Referees : Jon Mcisaac and Justin Kea
Linesman : Libor Suchanek and David Brisebois
Game Notes
No Game Note
Finance
Level 1 -- Attendance: 6000 (100.00%) -- Ticket Income $570,000
Level 2 -- Attendance: 5000 (100.00%) -- Ticket Income $275,000
Level 3 -- Attendance: 2957 (98.57%) -- Ticket Income $88,710
Level 4 -- Attendance: 5000 (100.00%) -- Ticket Income $100,000
Luxury Box -- Attendance: 1000 (100.00%) -- Ticket Income $190,000
Game was played at the T-Mobile Arena.
Total Attendance: 19957 (99.79%)
Total Ticket Income: $1,223,710
Other Income: $428,298
Total Income: $1,652,008
Minnesota North Stars
5 vs 5 Forward
Center Left Wing Right Wing Time % Phy DF OF
1 Jack Hughes Valeri Nichushkin Frank Vatrano 30 0 1 4
2 Evgeni Malkin Ryan Nugent-Hopkins Jonathan Marchessault 30 0 1 4
3 William Karlsson Brock Nelson Lawson Crouse 30 0 2 3
4 Alexander Kerfoot Evan Rodrigues Ivan Barbashev 10 0 2 3
5 vs 5 Defense
Defense Defense Time % Phy DF OF
1 Rasmus Dahlin Erik Cernak 34 0 4 1
2 Gustav Forsling Neal Pionk 33 0 4 1
3 Cam York Dylan DeMelo 33 0 4 1
4 Rasmus Dahlin Neal Pionk 0 1 2 2
PowerPlay Forward
Center Left Wing Right Wing Time % Phy DF OF
1 William Karlsson Valeri Nichushkin Frank Vatrano 50 0 0 5
2 Evgeni Malkin Jack Hughes Jonathan Marchessault 50 0 0 5
PowerPlay Defense
Defense Defense Time % Phy DF OF
1 Rasmus Dahlin Gustav Forsling 50 0 2 3
2 Cam York Neal Pionk 50 0 2 3
Penalty Kill 4 Players Forward
Center Wing Time % Phy DF OF
1 William Karlsson Lawson Crouse 50 0 5 0
2 Valeri Nichushkin Ryan Nugent-Hopkins 50 0 5 0
Penalty Kill 4 Players Defense
Defense Defense Time % Phy DF OF
1 Erik Cernak Dylan DeMelo 50 0 5 0
2 Neal Pionk Gustav Forsling 50 0 5 0
Penalty Kill - 3 Players Forward
Forward Time % Phy DF OF
1 William Karlsson 50 0 5 0
2 Jack Hughes 50 0 5 0
Penalty Kill - 3 Players Defense
Defense Defense Time % Phy DF OF
1 Erik Cernak Dylan DeMelo 50 0 5 0
2 Neal Pionk Gustav Forsling 50 0 5 0
4 vs 4 Forward
Center Wing Time % Phy DF OF
1 William Karlsson Valeri Nichushkin 50 0 2 3
2 Evgeni Malkin Jack Hughes 50 0 1 4
4 vs 4 Defense
Defense Defense Time % Phy DF OF
1 Rasmus Dahlin Neal Pionk 50 0 4 1
2 Gustav Forsling Cam York 50 0 4 1
Last Minutes Offensive
Center Left Wing Right Wing Defense Defense
William Karlsson Jack Hughes Frank Vatrano Rasmus Dahlin Neal Pionk
Last Minutes Defensive
Center Left Wing Right Wing Defense Defense
William Karlsson Lawson Crouse Frank Vatrano Erik Cernak Gustav Forsling
Goaltenders
Starting : Logan Thompson
Backup : Charlie Lindgren
Extra Forwards
Normal : Brock Nelson, Ryan Nugent-Hopkins, William Karlsson - PP : Brock Nelson, Ryan Nugent-Hopkins - PK : William Karlsson
Extra Defensemen
Normal : Cam York, Dylan DeMelo, Gustav Forsling - PP : Cam York - PK : Dylan DeMelo, Gustav Forsling
Penalty Shots
Neal Pionk, Ryan Nugent-Hopkins, William Karlsson, Rasmus Dahlin, Valeri Nichushkin
Scratches
Michael Rasmussen (Healthy), Jonas Brodin (Healthy), Matt Roy (Healthy)
Vegas Golden Knights
5 vs 5 Forward
Center Left Wing Right Wing Time % Phy DF OF
1 Auston Matthews Bryan Rust Mathew Barzal 30 1 2 2
2 Sean Monahan Johnny Gaudreau Tyler Toffoli 30 1 2 2
3 Joe Pavelski Jordan Staal Danton Heinen 25 1 2 2
4 Pierre-edouard Bellemare Cole Smith Danton Heinen 15 1 2 2
5 vs 5 Defense
Defense Defense Time % Phy DF OF
1 Roman Josi Shea Theodore 30 1 2 2
2 Marc-Edouard Vlasic Thomas Chabot 30 1 2 2
3 Brendan Smith Ryan Graves 25 1 2 2
4 Shea Theodore Roman Josi 15 1 2 2
PowerPlay Forward
Center Left Wing Right Wing Time % Phy DF OF
1 Auston Matthews Bryan Rust Mathew Barzal 50 1 2 2
2 Sean Monahan Johnny Gaudreau Tyler Toffoli 50 1 2 2
PowerPlay Defense
Defense Defense Time % Phy DF OF
1 Roman Josi Joe Pavelski 50 1 2 2
2 Thomas Chabot Reilly Smith 50 1 2 2
Penalty Kill 4 Players Forward
Center Wing Time % Phy DF OF
1 Jordan Staal Danton Heinen 50 1 2 2
2 Pierre-edouard Bellemare Cole Smith 50 1 2 2
Penalty Kill 4 Players Defense
Defense Defense Time % Phy DF OF
1 Marc-Edouard Vlasic Shea Theodore 50 1 2 2
2 Brendan Smith Ryan Graves 50 1 2 2
Penalty Kill - 3 Players Forward
Forward Time % Phy DF OF
1 Jordan Staal 50 1 2 2
2 Pierre-edouard Bellemare 50 1 2 2
Penalty Kill - 3 Players Defense
Defense Defense Time % Phy DF OF
1 Marc-Edouard Vlasic Shea Theodore 50 1 2 2
2 Brendan Smith Ryan Graves 50 1 2 2
4 vs 4 Forward
Center Wing Time % Phy DF OF
1 Auston Matthews Mathew Barzal 50 1 2 2
2 Sean Monahan Tyler Toffoli 50 1 2 2
4 vs 4 Defense
Defense Defense Time % Phy DF OF
1 Roman Josi Shea Theodore 50 1 2 2
2 Thomas Chabot Ryan Graves 50 1 2 2
Last Minutes Offensive
Center Left Wing Right Wing Defense Defense
Auston Matthews Sean Monahan Mathew Barzal Roman Josi Thomas Chabot
Last Minutes Defensive
Center Left Wing Right Wing Defense Defense
Jordan Staal Bryan Rust Joe Pavelski Marc-Edouard Vlasic Shea Theodore
Goaltenders
Starting : Semyon Varlamov
Backup : Cayden Primeau
Extra Forwards
Normal : Sean Monahan, Auston Matthews, Bryan Rust - PP : Jordan Staal, Danton Heinen - PK : Bryan Rust
Extra Defensemen
Normal : Thomas Chabot, Roman Josi, Shea Theodore - PP : Shea Theodore - PK : Thomas Chabot, Roman Josi
Penalty Shots
Auston Matthews, Bryan Rust, Sean Monahan, Tyler Toffoli, Jordan Staal
Scratches
Denis Gurianov (Healthy), Matt Nieto (Healthy), Travis Hamonic (Healthy)
% Time on Ice - Minnesota North Stars
Lines # - Real PCT - Wanted PCT - Time Play
Normal Forward
1 - 29% - 30% - 14:49
2 - 27% - 30% - 13:49
3 - 28% - 30% - 14:32
4 - 16% - 10% - 8:29
Normal Defense
1 - 32% - 34% - 16:43
2 - 32% - 33% - 16:32
3 - 35% - 33% - 17:56
4 - 1% - 0% - 0:28
PP Forward
1 - 56% - 50% - 1:15
2 - 44% - 50% - 1:00
PP Defense
1 - 47% - 50% - 1:04
2 - 53% - 50% - 1:11
PK Forward
1 - 48% - 50% - 2:54
2 - 52% - 50% - 3:12
PK Defense
1 - 52% - 50% - 3:12
2 - 48% - 50% - 2:54
PK3 Forward
1 - 0% - 50%
2 - 0% - 50%
PK3 Defense
1 - 0% - 50%
2 - 0% - 50%
44 Forward
1 - 0% - 50%
2 - 0% - 50%
44 Defense
1 - 0% - 50%
2 - 0% - 50%
Last Minute Offensive - 0:00
Last Minute Defensive - 0:00
Total
Forward - 60:00
Defense - 60:00
|
% Time on Ice - Vegas Golden Knights
Lines # - Real PCT - Wanted PCT - Time Play
Normal Forward
1 - 29% - 30% - 15:03
2 - 29% - 30% - 15:12
3 - 26% - 25% - 13:21
4 - 16% - 15% - 8:03
Normal Defense
1 - 29% - 30% - 14:59
2 - 32% - 30% - 16:44
3 - 25% - 25% - 13:04
4 - 13% - 15% - 6:52
PP Forward
1 - 49% - 50% - 3:01
2 - 51% - 50% - 3:05
PP Defense
1 - 57% - 50% - 3:28
2 - 43% - 50% - 2:38
PK Forward
1 - 28% - 50% - 0:38
2 - 72% - 50% - 1:37
PK Defense
1 - 65% - 50% - 1:28
2 - 35% - 50% - 0:47
PK3 Forward
1 - 0% - 50%
2 - 0% - 50%
PK3 Defense
1 - 0% - 50%
2 - 0% - 50%
44 Forward
1 - 0% - 50%
2 - 0% - 50%
44 Defense
1 - 0% - 50%
2 - 0% - 50%
Last Minute Offensive - 0:00
Last Minute Defensive - 0:00
Total
Forward - 60:00
Defense - 60:00
|
Play-by-Play
1st period
0:01 of 1st period - Auston Matthews wins face-off versus Jack Hughes in neutral zone.
0:06 of 1st period - Slapshot by Auston Matthews.
0:06 of 1st period - Shot Misses the Net.
0:34 of 1st period - Snap shot by Jonathan Marchessault.
0:34 of 1st period - Deflect By Evgeni Malkin.
0:34 of 1st period - Shot Blocked by Shea Theodore.
0:34 of 1st period - Puck is out of play.
0:35 of 1st period - Joe Pavelski wins face-off versus William Karlsson in Vegas Golden Knights zone.
1:02 of 1st period - Thomas Chabot is hit by Ivan Barbashev and loses puck.
1:09 of 1st period - Snap shot by Ivan Barbashev.
1:09 of 1st period - Stopped by Semyon Varlamov with a rebound.
1:11 of 1st period - Backhand shot by Dylan DeMelo.
1:11 of 1st period - Shot Misses the Net.
1:25 of 1st period - Snap shot by Bryan Rust.
1:25 of 1st period - Shot Blocked by Dylan DeMelo.
1:27 of 1st period - Slapshot by Thomas Chabot.
1:27 of 1st period - Shot Misses the Net.
2:43 of 1st period - Roman Josi is hit by Evgeni Malkin and loses puck.
2:54 of 1st period - Slapshot by Mathew Barzal.
2:54 of 1st period - Shot Misses the Net.
3:06 of 1st period - Snap shot by Brock Nelson.
3:06 of 1st period - Shot Misses the Net.
4:08 of 1st period - Gustav Forsling is hit by Sean Monahan and loses puck.
4:45 of 1st period - Slapshot by Brock Nelson.
4:45 of 1st period - Stopped by Semyon Varlamov with a rebound.
4:47 of 1st period - Wrist shot by Brock Nelson.
4:47 of 1st period - Stopped by Semyon Varlamov with a rebound.
4:49 of 1st period - Slapshot by Erik Cernak.
4:49 of 1st period - Deflect By Roman Josi.
4:49 of 1st period - Stopped by Semyon Varlamov without a rebound.
4:50 of 1st period - William Karlsson wins face-off versus Sean Monahan in Vegas Golden Knights zone.
5:11 of 1st period - Shea Theodore is hit by Erik Cernak and loses puck.
5:38 of 1st period - Joe Pavelski is hit by Gustav Forsling and loses puck.
5:43 of 1st period - Snap shot by Evgeni Malkin.
5:43 of 1st period - Deflect By Ryan Nugent-Hopkins.
5:43 of 1st period - Shot Misses the Net.
5:43 of 1st period - Puck is out of play.
5:44 of 1st period - William Karlsson wins face-off versus Sean Monahan in Vegas Golden Knights zone.
5:47 of 1st period - Snap shot by Brock Nelson.
5:47 of 1st period - Deflect By William Karlsson.
5:47 of 1st period - Shot Blocked by Brendan Smith.
5:47 of 1st period - Puck is out of play.
5:48 of 1st period - Sean Monahan wins face-off versus William Karlsson in Vegas Golden Knights zone.
5:53 of 1st period - Rasmus Dahlin is hit by Brendan Smith and loses puck.
6:04 of 1st period - Snap shot by William Karlsson.
6:04 of 1st period - Stopped by Semyon Varlamov without a rebound.
6:05 of 1st period - Frank Vatrano wins face-off versus Joe Pavelski in Vegas Golden Knights zone.
6:58 of 1st period - Icing by Thomas Chabot.
6:59 of 1st period - William Karlsson wins face-off versus Sean Monahan in Vegas Golden Knights zone.
7:08 of 1st period - Snap shot by William Karlsson.
7:08 of 1st period - Shot Blocked by Brendan Smith.
7:10 of 1st period - Wrist shot by Lawson Crouse.
7:10 of 1st period - Shot Misses the Net.
7:23 of 1st period - Brock Nelson is hit by Brendan Smith and loses puck.
7:36 of 1st period - Icing by Erik Cernak.
7:37 of 1st period - Joe Pavelski wins face-off versus William Karlsson in Minnesota North Stars zone.
7:46 of 1st period - Slapshot by Joe Pavelski.
7:46 of 1st period - Stopped by Logan Thompson with a rebound.
8:14 of 1st period - Snap shot by Jordan Staal.
8:14 of 1st period - Stopped by Logan Thompson with a rebound.
8:42 of 1st period - Snap shot by William Karlsson.
8:42 of 1st period - Stopped by Semyon Varlamov with a rebound.
8:56 of 1st period - Snap shot by William Karlsson.
8:56 of 1st period - Stopped by Semyon Varlamov with a rebound.
8:58 of 1st period - Snap shot by Lawson Crouse.
8:58 of 1st period - Stopped by Semyon Varlamov with a rebound.
9:14 of 1st period - Snap shot by Lawson Crouse.
9:14 of 1st period - Stopped by Semyon Varlamov without a rebound.
9:15 of 1st period - Auston Matthews wins face-off versus Jack Hughes in Vegas Golden Knights zone.
10:13 of 1st period - Wrist shot by Jack Hughes.
10:13 of 1st period - Stopped by Semyon Varlamov with a rebound.
10:15 of 1st period - Slapshot by Cam York.
10:15 of 1st period - Deflect By Frank Vatrano.
10:15 of 1st period - Stopped by Semyon Varlamov with a rebound.
10:17 of 1st period - Slapshot by Frank Vatrano.
10:17 of 1st period - Stopped by Semyon Varlamov with a rebound.
10:19 of 1st period - Slapshot by Cam York.
10:19 of 1st period - Shot Blocked by Brendan Smith.
10:21 of 1st period - Snap shot by Cam York.
10:21 of 1st period - Shot Misses the Net.
10:43 of 1st period - Ivan Barbashev is hit by Thomas Chabot and loses puck.
10:50 of 1st period - Marc-Edouard Vlasic is hit by Neal Pionk and loses puck.
11:05 of 1st period - Johnny Gaudreau is hit by Frank Vatrano and loses puck.
11:45 of 1st period - Bryan Rust is hit by Frank Vatrano and loses puck.
12:08 of 1st period - Ryan Nugent-Hopkins is hit by Johnny Gaudreau and loses puck.
12:19 of 1st period - Auston Matthews is hit by Valeri Nichushkin.
15:48 of 1st period - Icing by Rasmus Dahlin.
15:49 of 1st period - Jack Hughes wins face-off versus Pierre-edouard Bellemare in Minnesota North Stars zone.
15:58 of 1st period - Off-side.
15:59 of 1st period - Sean Monahan wins face-off versus Evgeni Malkin in neutral zone.
16:08 of 1st period - Snap shot by Johnny Gaudreau.
16:08 of 1st period - Shot Blocked by Neal Pionk.
16:18 of 1st period - Evgeni Malkin is hit by Sean Monahan and loses puck.
16:33 of 1st period - Snap shot by Ryan Nugent-Hopkins.
16:33 of 1st period - Stopped by Semyon Varlamov with a rebound.
17:03 of 1st period - Wrist shot by Auston Matthews.
17:03 of 1st period - Deflect By Mathew Barzal.
17:03 of 1st period - Shot Blocked by Gustav Forsling.
17:03 of 1st period - Puck is out of play.
17:04 of 1st period - Jack Hughes wins face-off versus Joe Pavelski in Minnesota North Stars zone.
17:04 of 1st period - Jack Hughes is hit by Danton Heinen.
17:38 of 1st period - Wrist shot by Johnny Gaudreau.
17:38 of 1st period - Shot Misses the Net.
18:12 of 1st period - Snap shot by Auston Matthews.
18:12 of 1st period - Shot Misses the Net.
18:44 of 1st period - Snap shot by Danton Heinen.
18:44 of 1st period - Shot Blocked by Ivan Barbashev.
18:46 of 1st period - Slapshot by Thomas Chabot.
18:46 of 1st period - Stopped by Logan Thompson with a rebound.
19:15 of 1st period - Snap shot by Jack Hughes.
19:15 of 1st period - Shot Blocked by Pierre-edouard Bellemare.
19:23 of 1st period - Wrist shot by Ryan Nugent-Hopkins.
19:23 of 1st period - Shot Misses the Net.
19:25 of 1st period - Slapshot by Neal Pionk.
19:25 of 1st period - Shot Blocked by Roman Josi.
19:51 of 1st period - Snap shot by Valeri Nichushkin.
19:51 of 1st period - Goal by Valeri Nichushkin - Minnesota North Stars : 1 - Vegas Golden Knights : 0.
19:52 of 1st period - Auston Matthews wins face-off versus Jack Hughes in neutral zone.
Goals for this period are 1 for Minnesota North Stars vs 0 for Vegas Golden Knights.
Shots for this period are 14 for Minnesota North Stars vs 3 for Vegas Golden Knights.
2nd period
0:01 of 2nd period - Joe Pavelski wins face-off versus Jack Hughes in neutral zone.
0:15 of 2nd period - Slapshot by Valeri Nichushkin.
0:15 of 2nd period - Shot Hit the Post.
1:03 of 2nd period - Snap shot by Brock Nelson.
1:03 of 2nd period - Goal by Brock Nelson - Minnesota North Stars : 2 - Vegas Golden Knights : 0.
1:04 of 2nd period - Joe Pavelski wins face-off versus Jack Hughes in neutral zone.
1:19 of 2nd period - Snap shot by Danton Heinen.
1:19 of 2nd period - Deflect By Joe Pavelski.
1:19 of 2nd period - Shot Misses the Net.
1:19 of 2nd period - Puck is out of play.
1:20 of 2nd period - Auston Matthews wins face-off versus William Karlsson in Minnesota North Stars zone.
1:23 of 2nd period - Backhand shot by Auston Matthews.
1:23 of 2nd period - Stopped by Logan Thompson with a rebound.
1:25 of 2nd period - Slapshot by Shea Theodore.
1:25 of 2nd period - Deflect By Bryan Rust.
1:25 of 2nd period - Shot Misses the Net.
1:25 of 2nd period - Puck is out of play.
1:26 of 2nd period - William Karlsson wins face-off versus Auston Matthews in Minnesota North Stars zone.
1:59 of 2nd period - Slapshot by Roman Josi.
1:59 of 2nd period - Shot Blocked by Erik Cernak.
2:01 of 2nd period - Snap shot by Joe Pavelski.
2:01 of 2nd period - Shot Blocked by Rasmus Dahlin.
2:17 of 2nd period - Snap shot by Johnny Gaudreau.
2:17 of 2nd period - Shot Misses the Net.
2:23 of 2nd period - Ryan Graves is hit by Valeri Nichushkin and loses puck.
3:07 of 2nd period - Slapshot by Joe Pavelski.
3:07 of 2nd period - Stopped by Logan Thompson with a rebound.
4:10 of 2nd period - Snap shot by Valeri Nichushkin.
4:10 of 2nd period - Stopped by Semyon Varlamov without a rebound.
4:11 of 2nd period - William Karlsson wins face-off versus Pierre-edouard Bellemare in Vegas Golden Knights zone.
4:18 of 2nd period - Wrist shot by Brock Nelson.
4:18 of 2nd period - Stopped by Semyon Varlamov without a rebound.
4:19 of 2nd period - Jack Hughes wins face-off versus Sean Monahan in Vegas Golden Knights zone.
4:22 of 2nd period - Snap shot by Jack Hughes.
4:22 of 2nd period - Shot Blocked by Johnny Gaudreau.
4:24 of 2nd period - Slapshot by Neal Pionk.
4:24 of 2nd period - Deflect By Roman Josi.
4:24 of 2nd period - Stopped by Semyon Varlamov without a rebound.
4:24 of 2nd period - Minor Penalty to Semyon Varlamov for Slashing.
4:25 of 2nd period - Jordan Staal wins face-off versus William Karlsson in Vegas Golden Knights zone.
4:36 of 2nd period - Snap shot by Rasmus Dahlin.
4:36 of 2nd period - Shot Blocked by Marc-Edouard Vlasic.
4:38 of 2nd period - Slapshot by Gustav Forsling.
4:38 of 2nd period - Stopped by Semyon Varlamov with a rebound.
4:40 of 2nd period - Slapshot by Rasmus Dahlin.
4:40 of 2nd period - Goal by Rasmus Dahlin - Minnesota North Stars : 3 - Vegas Golden Knights : 0.
4:41 of 2nd period - Joe Pavelski wins face-off versus Jack Hughes in neutral zone.
4:44 of 2nd period - Wrist shot by Joe Pavelski.
4:44 of 2nd period - Shot Misses the Net.
4:46 of 2nd period - Wrist shot by Danton Heinen.
4:46 of 2nd period - Shot Blocked by Jack Hughes.
4:52 of 2nd period - Slapshot by Jordan Staal.
4:52 of 2nd period - Stopped by Logan Thompson without a rebound.
4:53 of 2nd period - William Karlsson wins face-off versus Sean Monahan in Minnesota North Stars zone.
5:01 of 2nd period - Off-side.
5:02 of 2nd period - William Karlsson wins face-off versus Sean Monahan in neutral zone.
5:21 of 2nd period - Slapshot by Roman Josi.
5:21 of 2nd period - Stopped by Logan Thompson with a rebound.
5:23 of 2nd period - Wrist shot by Tyler Toffoli.
5:23 of 2nd period - Stopped by Logan Thompson with a rebound.
5:37 of 2nd period - Snap shot by Sean Monahan.
5:37 of 2nd period - Stopped by Logan Thompson with a rebound.
5:39 of 2nd period - Wrist shot by Sean Monahan.
5:39 of 2nd period - Shot Blocked by Brock Nelson.
5:41 of 2nd period - Snap shot by Shea Theodore.
5:41 of 2nd period - Stopped by Logan Thompson with a rebound.
5:45 of 2nd period - Snap shot by Sean Monahan.
5:45 of 2nd period - Shot Misses the Net.
5:47 of 2nd period - Wrist shot by Johnny Gaudreau.
5:47 of 2nd period - Stopped by Logan Thompson with a rebound.
5:49 of 2nd period - Snap shot by Johnny Gaudreau.
5:49 of 2nd period - Shot Blocked by Brock Nelson.
5:51 of 2nd period - Wrist shot by Sean Monahan.
5:51 of 2nd period - Stopped by Logan Thompson with a rebound.
5:53 of 2nd period - Slapshot by Roman Josi.
5:53 of 2nd period - Shot Blocked by Neal Pionk.
5:55 of 2nd period - Snap shot by Johnny Gaudreau.
5:55 of 2nd period - Shot Blocked by Gustav Forsling.
5:57 of 2nd period - Wrist shot by Tyler Toffoli.
5:57 of 2nd period - Shot Blocked by Neal Pionk.
6:17 of 2nd period - Wrist shot by Sean Monahan.
6:17 of 2nd period - Stopped by Logan Thompson without a rebound.
6:18 of 2nd period - Auston Matthews wins face-off versus Jack Hughes in Minnesota North Stars zone.
6:47 of 2nd period - Wrist shot by Ivan Barbashev.
6:47 of 2nd period - Goal by Ivan Barbashev - Minnesota North Stars : 4 - Vegas Golden Knights : 0.
6:48 of 2nd period - Evgeni Malkin wins face-off versus Joe Pavelski in neutral zone.
7:01 of 2nd period - Slapshot by Jonathan Marchessault.
7:01 of 2nd period - Shot Blocked by Ryan Graves.
8:51 of 2nd period - Snap shot by Evan Rodrigues.
8:51 of 2nd period - Stopped by Semyon Varlamov with a rebound.
10:00 of 2nd period - Jordan Staal is hit by Ivan Barbashev and loses puck.
10:17 of 2nd period - Snap shot by Jack Hughes.
10:17 of 2nd period - Stopped by Semyon Varlamov with a rebound.
10:36 of 2nd period - Bryan Rust is hit by Gustav Forsling and loses puck.
11:57 of 2nd period - Icing by Erik Cernak.
11:58 of 2nd period - Joe Pavelski wins face-off versus Jack Hughes in Minnesota North Stars zone.
12:07 of 2nd period - Wrist shot by Mathew Barzal.
12:07 of 2nd period - Stopped by Logan Thompson without a rebound.
12:08 of 2nd period - Auston Matthews wins face-off versus Ryan Nugent-Hopkins in Minnesota North Stars zone.
12:19 of 2nd period - Snap shot by Auston Matthews.
12:19 of 2nd period - Shot Blocked by Ryan Nugent-Hopkins.
12:45 of 2nd period - Wrist shot by Danton Heinen.
12:45 of 2nd period - Shot Blocked by Jack Hughes.
13:08 of 2nd period - Slapshot by William Karlsson.
13:08 of 2nd period - Stopped by Semyon Varlamov with a rebound.
13:22 of 2nd period - Slapshot by Thomas Chabot.
13:22 of 2nd period - Deflect By Danton Heinen.
13:22 of 2nd period - Stopped by Logan Thompson without a rebound.
13:23 of 2nd period - Pierre-edouard Bellemare wins face-off versus Evgeni Malkin in Minnesota North Stars zone.
13:24 of 2nd period - Slapshot by Shea Theodore.
13:24 of 2nd period - Shot Blocked by Rasmus Dahlin.
13:26 of 2nd period - Wrist shot by Danton Heinen.
13:26 of 2nd period - Goal by Danton Heinen - Minnesota North Stars : 4 - Vegas Golden Knights : 1.
13:27 of 2nd period - Evgeni Malkin wins face-off versus Joe Pavelski in neutral zone.
13:42 of 2nd period - Rasmus Dahlin is hit by Jordan Staal and loses puck.
14:00 of 2nd period - Wrist shot by Mathew Barzal.
14:00 of 2nd period - Shot Misses the Net.
14:02 of 2nd period - Snap shot by Mathew Barzal.
14:02 of 2nd period - Shot Misses the Net.
14:04 of 2nd period - Slapshot by Auston Matthews.
14:04 of 2nd period - Stopped by Logan Thompson without a rebound.
14:05 of 2nd period - Joe Pavelski wins face-off versus William Karlsson in Minnesota North Stars zone.
14:21 of 2nd period - Snap shot by Jordan Staal.
14:21 of 2nd period - Shot Blocked by Brock Nelson.
14:37 of 2nd period - Wrist shot by Auston Matthews.
14:37 of 2nd period - Shot Misses the Net.
14:39 of 2nd period - Slapshot by Marc-Edouard Vlasic.
14:39 of 2nd period - Shot Blocked by Evgeni Malkin.
14:41 of 2nd period - Slapshot by Marc-Edouard Vlasic.
14:41 of 2nd period - Deflect By Auston Matthews.
14:41 of 2nd period - Shot Blocked by Gustav Forsling.
14:41 of 2nd period - Puck is out of play.
14:42 of 2nd period - Auston Matthews wins face-off versus Jack Hughes in Minnesota North Stars zone.
15:55 of 2nd period - Slapshot by Shea Theodore.
15:55 of 2nd period - Shot Misses the Net.
16:24 of 2nd period - Icing by Valeri Nichushkin.
16:25 of 2nd period - Joe Pavelski wins face-off versus Evgeni Malkin in Minnesota North Stars zone.
16:30 of 2nd period - Wrist shot by Danton Heinen.
16:30 of 2nd period - Stopped by Logan Thompson without a rebound.
16:31 of 2nd period - Sean Monahan wins face-off versus Evgeni Malkin in Minnesota North Stars zone.
16:47 of 2nd period - Icing by Jonathan Marchessault.
16:48 of 2nd period - Evgeni Malkin wins face-off versus Joe Pavelski in Minnesota North Stars zone.
16:48 of 2nd period - Evgeni Malkin is hit by Danton Heinen.
16:56 of 2nd period - Wrist shot by Evgeni Malkin.
16:56 of 2nd period - Shot Misses the Net.
17:31 of 2nd period - Minor Penalty to Frank Vatrano for Holding.
17:32 of 2nd period - William Karlsson wins face-off versus Auston Matthews in Minnesota North Stars zone.
17:38 of 2nd period - Icing by Mathew Barzal.
17:39 of 2nd period - Auston Matthews wins face-off versus Valeri Nichushkin in Vegas Golden Knights zone.
19:01 of 2nd period - Lawson Crouse is hit by Tyler Toffoli and loses puck.
19:31 of 2nd period - Penalty to Frank Vatrano is over, Frank Vatrano is back on ice.
Goals for this period are 3 for Minnesota North Stars vs 1 for Vegas Golden Knights.
Shots for this period are 10 for Minnesota North Stars vs 15 for Vegas Golden Knights.
3rd period
0:01 of 3rd period - Joe Pavelski wins face-off versus Evgeni Malkin in neutral zone.
0:26 of 3rd period - Roman Josi is hit by William Karlsson and loses puck.
1:13 of 3rd period - Marc-Edouard Vlasic is hit by Alexander Kerfoot and loses puck.
1:32 of 3rd period - Rasmus Dahlin is hit by Jordan Staal.
1:48 of 3rd period - Snap shot by Ryan Nugent-Hopkins.
1:48 of 3rd period - Stopped by Semyon Varlamov with a rebound.
2:27 of 3rd period - Minor Penalty to Evgeni Malkin for Tripping.
2:28 of 3rd period - Sean Monahan wins face-off versus William Karlsson in Minnesota North Stars zone.
3:24 of 3rd period - Snap shot by Lawson Crouse.
3:24 of 3rd period - Shot Blocked by Joe Pavelski.
3:44 of 3rd period - Valeri Nichushkin is hit by Sean Monahan and loses puck.
4:13 of 3rd period - Sean Monahan is hit by Erik Cernak and loses puck.
4:27 of 3rd period - Penalty to Evgeni Malkin is over, Evgeni Malkin is back on ice.
4:40 of 3rd period - Snap shot by Danton Heinen.
4:40 of 3rd period - Shot Misses the Net.
5:16 of 3rd period - Neal Pionk is hit by Marc-Edouard Vlasic and loses puck.
5:29 of 3rd period - Mathew Barzal is hit by William Karlsson and loses puck.
5:42 of 3rd period - Minor Penalty to Frank Vatrano for Slashing.
5:43 of 3rd period - Sean Monahan wins face-off versus William Karlsson in Minnesota North Stars zone.
5:44 of 3rd period - Snap shot by Tyler Toffoli.
5:44 of 3rd period - Shot Misses the Net.
6:10 of 3rd period - Wrist shot by Mathew Barzal.
6:10 of 3rd period - Shot Misses the Net.
6:34 of 3rd period - William Karlsson is hit by Johnny Gaudreau.
7:24 of 3rd period - Icing by Bryan Rust.
7:25 of 3rd period - William Karlsson wins face-off versus Auston Matthews in Vegas Golden Knights zone.
7:42 of 3rd period - Penalty to Frank Vatrano is over, Frank Vatrano is back on ice.
7:50 of 3rd period - Gustav Forsling is hit by Brendan Smith and loses puck.
7:55 of 3rd period - Slapshot by Danton Heinen.
7:55 of 3rd period - Shot Blocked by Gustav Forsling.
7:57 of 3rd period - Snap shot by Pierre-edouard Bellemare.
7:57 of 3rd period - Stopped by Logan Thompson without a rebound.
7:58 of 3rd period - Pierre-edouard Bellemare wins face-off versus Jack Hughes in Minnesota North Stars zone.
7:59 of 3rd period - Wrist shot by Danton Heinen.
7:59 of 3rd period - Stopped by Logan Thompson without a rebound.
8:00 of 3rd period - Jack Hughes wins face-off versus Pierre-edouard Bellemare in Minnesota North Stars zone.
8:29 of 3rd period - Slapshot by Thomas Chabot.
8:29 of 3rd period - Stopped by Logan Thompson without a rebound.
8:30 of 3rd period - Sean Monahan wins face-off versus Evgeni Malkin in Minnesota North Stars zone.
8:31 of 3rd period - Snap shot by Johnny Gaudreau.
8:31 of 3rd period - Stopped by Logan Thompson without a rebound.
8:32 of 3rd period - William Karlsson wins face-off versus Sean Monahan in Minnesota North Stars zone.
8:45 of 3rd period - Wrist shot by Johnny Gaudreau.
8:45 of 3rd period - Stopped by Logan Thompson with a rebound.
8:49 of 3rd period - Snap shot by Johnny Gaudreau.
8:49 of 3rd period - Deflect By Sean Monahan.
8:49 of 3rd period - Shot Misses the Net.
8:49 of 3rd period - Puck is out of play.
8:50 of 3rd period - Auston Matthews wins face-off versus Evgeni Malkin in Minnesota North Stars zone.
9:17 of 3rd period - Roman Josi is hit by Valeri Nichushkin and loses puck.
9:44 of 3rd period - William Karlsson is hit by Thomas Chabot and loses puck.
10:06 of 3rd period - Wrist shot by Jonathan Marchessault.
10:06 of 3rd period - Deflect By Sean Monahan.
10:06 of 3rd period - Shot Misses the Net.
10:06 of 3rd period - Puck is out of play.
10:07 of 3rd period - Evgeni Malkin wins face-off versus Joe Pavelski in Vegas Golden Knights zone.
10:42 of 3rd period - Snap shot by Brock Nelson.
10:42 of 3rd period - Shot Misses the Net.
10:44 of 3rd period - Minor Penalty to Cole Smith for Boarding.
10:45 of 3rd period - Jordan Staal wins face-off versus Jonathan Marchessault in Vegas Golden Knights zone.
12:18 of 3rd period - Cam York is hit by Pierre-edouard Bellemare and loses puck.
12:37 of 3rd period - Frank Vatrano is hit by Brendan Smith and loses puck.
12:44 of 3rd period - Penalty to Cole Smith is over, Cole Smith is back on ice.
12:48 of 3rd period - Cole Smith is hit by Jonathan Marchessault and loses puck.
12:58 of 3rd period - Off-side.
12:59 of 3rd period - Alexander Kerfoot wins face-off versus Sean Monahan in neutral zone.
12:59 of 3rd period - Evan Rodrigues is hit by Ryan Graves and loses puck.
13:28 of 3rd period - Off-side.
13:29 of 3rd period - William Karlsson wins face-off versus Auston Matthews in neutral zone.
13:40 of 3rd period - Snap shot by William Karlsson.
13:40 of 3rd period - Stopped by Semyon Varlamov with a rebound.
13:42 of 3rd period - Slapshot by Gustav Forsling.
13:42 of 3rd period - Deflect By Lawson Crouse.
13:42 of 3rd period - Shot Blocked by Shea Theodore.
13:42 of 3rd period - Puck is out of play.
13:43 of 3rd period - Frank Vatrano wins face-off versus Joe Pavelski in Vegas Golden Knights zone.
14:18 of 3rd period - Cam York is hit by Joe Pavelski and loses puck.
14:41 of 3rd period - Slapshot by Jordan Staal.
14:41 of 3rd period - Stopped by Logan Thompson with a rebound.
14:43 of 3rd period - Snap shot by Danton Heinen.
14:43 of 3rd period - Stopped by Logan Thompson without a rebound.
14:44 of 3rd period - Auston Matthews wins face-off versus Jack Hughes in Minnesota North Stars zone.
14:53 of 3rd period - Snap shot by Mathew Barzal.
14:53 of 3rd period - Stopped by Logan Thompson with a rebound.
16:34 of 3rd period - Thomas Chabot is hit by Evgeni Malkin and loses puck.
17:03 of 3rd period - Brock Nelson is hit by Marc-Edouard Vlasic and loses puck.
17:21 of 3rd period - Minor Penalty to Dylan DeMelo for Tripping.
17:22 of 3rd period - Sean Monahan wins face-off versus William Karlsson in Minnesota North Stars zone.
17:30 of 3rd period - Snap shot by Sean Monahan.
17:30 of 3rd period - Goal by Sean Monahan - Minnesota North Stars : 4 - Vegas Golden Knights : 2.
17:31 of 3rd period - Joe Pavelski wins face-off versus William Karlsson in neutral zone.
17:41 of 3rd period - Off-side.
17:42 of 3rd period - Joe Pavelski wins face-off versus William Karlsson in neutral zone.
18:09 of 3rd period - Mathew Barzal is hit by Frank Vatrano and loses puck.
18:18 of 3rd period - Frank Vatrano is hit by Auston Matthews and loses puck.
19:02 of 3rd period - Icing by Frank Vatrano.
19:03 of 3rd period - Joe Pavelski wins face-off versus Valeri Nichushkin in Minnesota North Stars zone.
19:12 of 3rd period - Frank Vatrano is hit by Danton Heinen and loses puck.
Goals for this period are 0 for Minnesota North Stars vs 1 for Vegas Golden Knights.
Shots for this period are 2 for Minnesota North Stars vs 9 for Vegas Golden Knights.
Back to the Top